 Dungeon Crawl Stone Soup version 0.32-a0-411-g744942f433 (webtiles) character file.

Game seed: 428205695186406414

88 dialectric the Trooper (level 4, 0/36 HPs)
             Began as a Coglin Fighter on Feb 21, 2024.
             Slain by a cerulean imp
             ... wielding a +2 spear
             ... summoned by Natasha
              (5 damage)
             ... on level 2 of the Dungeon.
             The game lasted 00:00:38 (416 turns).

dialectric the Trooper (Coglin Fighter)              Turns: 416, Time: 00:00:39

Health: 0/36       AC:  6    Str: 19    XL:     4   Next: 53%
Magic:  4/4        EV:  9    Int:  7    God:
Gold:   16         SH:  0    Dex: 13    Spells: 3/3 levels left

rFire   . . .        a - +0 war axe {Somchai}
rCold   . . .        (no shield)
rNeg    . . .        b - +0 scale mail
rPois   .            (no helmet)
rElec   .            (no cloak)
rCorr   .            (no gloves)
SInv    .            (no boots)
Will    .....        (no amulet) Stlth
                     (no ring)
HPRegen 0.26/turn    (no ring)
MPRegen 0.09/turn

%: no passive effects
@: immotile, slowed, revved, very slow
A: off-hand wielding, slow wielding, warmup strikes, legs shutdown
a: no special abilities


You were on level 2 of the Dungeon.
You visited 1 branch of the dungeon, and saw 2 of its levels.

You collected 16 gold pieces.

Inventory:

Hand Weapons
 a - a +0 war axe (weapon) {Somchai}
Armour
 b - a +0 scale mail (worn)
 c - a +0 buckler
Potions
 d - a potion of might
 e - a potion of lignification {unknown}


   Skills:
 + Level 3.6 Fighting
 + Level 2.8 Axes
 + Level 3.2 Armour
 + Level 2.6 Shields


You had 3 spell levels left.
You didn't know any spells.
Your spell library was empty.

Dungeon Overview and Level Annotations

Branches:
Dungeon (2/15)

Altars:

Annotations:
D:2 Natasha


Innate Abilities, Weirdness & Mutations

You can wield a second weapon in your off-hand.
It takes a long time for you to wield or remove held weapons.
Your first few attacks do less damage.
Attacking and casting redirects power from your legs.


Message History

Natasha extends her claws.
Natasha claws you but does no damage. x2
You hit Natasha.
Natasha is moderately wounded.
Natasha howls an incantation.
Natasha shimmers violently.
Natasha mumbles some strange words.
Natasha claws you.
Unknown command.
You hit Natasha.
Natasha is moderately wounded.
Natasha barely misses you.
The cerulean imp hits you from afar with a +2 spear.
Natasha claws you but does no damage.
The cerulean imp hits you from afar with a +2 spear.
You closely miss Natasha.
Natasha is moderately wounded.
Natasha casts a spell.
The cerulean imp hits you but does no damage.
Natasha claws you but does no damage.
The cerulean imp hits you from afar with a +2 spear.
Unknown command.
You closely miss Natasha.
Natasha is moderately wounded.
Natasha claws you.
The cerulean imp hits you but does no damage.
The cerulean imp hits you from afar with a +1 spear.
Natasha casts a spell at you.
You feel as though you will be slow longer.
The cerulean imp hits you from afar with a +2 spear!
* * * LOW HITPOINT WARNING * * *
The cerulean imp hits you but does no damage.
You hit Natasha but do no damage.
Natasha is moderately wounded.
Natasha barely misses you. The cerulean imp barely misses you.
The cerulean imp hits you but does no damage.
Natasha claws you.
* * * LOW HITPOINT WARNING * * *
The cerulean imp hits you from afar with a +2 spear.
You die...

#.# ##..##.# #.#
....# #†# # #.# ##..#
#.. #.######.# #..#
##.#
.....##.#####..###.##
#..##.##.##.....###
#..5....#......#...
#......###.........
#h@.#.## ##....#..
.........##.###.##..#
.#
###.##5.####.#.###..#
#. # #..#####.####..#
#.
#..#...........###.
...#.###...........
..$.# #######.###.
.###.# #.# #. #.# #.


You could see Natasha and 2 cerulean imps.

Vanquished Creatures
  Natasha (twice) (D:2)
  2 adders (D:2)
  2 giant cockroaches (D:2)
  A hobgoblin (D:2)
  4 jackals (D:2)
  A quokka (D:2)
  A bat (D:2)
  A rat (D:2)
14 creatures vanquished.

Notes
Turn   | Place    | Note
-------+----------+-------------------------------------------
     0 | D:1      | dialectric the Coglin Fighter began the quest for the Orb.
     0 | D:1      | Reached XP level 1. HP: 18/18 MP: 1/1
     2 | D:1      | You fall into a shaft and drop 1 floor!
    25 | D:2      | Noticed Natasha
    28 | D:2      | Noticed a cerulean imp
    38 | D:2      | Killed Natasha
    39 | D:2      | Reached XP level 2. HP: 12/24 MP: 2/2
    39 | D:2      | Reached XP level 3. HP: 14/29 MP: 3/3
   221 | D:2      | Reached XP level 4. HP: 35/35 MP: 4/4
   247 | D:2      | Noticed Natasha
   250 | D:2      | Killed Natasha
   402 | D:2      | Noticed Natasha
   416 | D:2      | Slain by a cerulean imp

Illustrated notes

Levels and vault maps discovered:
D:1:      heliophobic_arrival_glass_houses, layout_basic
D:2:      layout_loops_ring, uniq_natasha

Skill      XL: |  1 |
---------------+----+-----
Armour         | 3 |  3.2
Fighting       | |  3.6
Axes           | |  2.8
Shields        | |  2.6

Action                     |  1- 3 |  4- 6 || total
---------------------------+-------+-------++-------
  Melee: War axe           |    25 |    18 ||    43
 Armour: Scale mail        |    27 |    30 ||    57
  Dodge: Dodged            |    18 |     9 ||    27

Table legend: (Time is in decaauts)
 A = Elapsed time spent in this place.
 B = Non-inter-level travel time spent in this place.
 C = Inter-level travel time spent in this place.
 D = Time resting spent in this place.
 E = Time spent auto-exploring this place.
 F = Levels seen in this place.
 G = Mean time per level.
                   A        B        C        D        E       F      G
               +--------+--------+--------+--------+--------+-----+--------+
         Total |    434 |    434 |      0 |      0 |    304 |   2 |  217.0 |
       Dungeon |    434 |    434 |      0 |      0 |    304 |   2 |  217.0 |
               +--------+--------+--------+--------+--------+-----+--------+

Top non-repeatable levels by time:
     D:2: 432 daAuts
     D:1: 2 daAuts
